cohdb
Replays
Latest Replays
All Replays
Popular Replays
Top Player Replays
Match Explorer
How It Works
Community
CoH3 Stats
Reddit
Sign in to upload your games and track your stats! →
Sign in with Steam
Match 40542103
Unlisted
Match 40542103
Overview
Messages
Build Orders
End
Selects Italian Combined Arms Battlegroup
Selects Bersaglieri Squad
Bersaglieri Squad
Panzerpioneer Squad
Bersaglieri Squad
Construct Light Support Kompanie
MG34 Team
2.5-tonne Medical Truck
Fire Support Elements
Pak 38 Mechanized Group
Bersaglieri Squad
Selects Semovente da 75/18 Assault Gun
Selects Strafing Run
le.IG 18 Support Gun Team
Strafing Run
Selects Artillery Cover
Construct Panzerarmee Kommand
le.IG 18 Mechanized Group
Selects Bersaglieri Bolster
Selects Vehicle Support - Force Recon
Panzer III L Medium Tank
Panzer III L Medium Tank
UH|dun! ツ
Ein Proto Typ
Corsair
Pixel
Sherman
Tosti
0
0
Comments
sign in to comment!
No comments posted yet!